 Dungeon Crawl Stone Soup version 0.17-a0-2055-gb4e23be (webtiles) character file.

1813 4thArraOfDagon the Cleaver (level 8, -1/109 HPs)
             Began as a Minotaur Gladiator on Oct 11, 2015.
             Splashed by a jelly's acid (8 damage)
             ... on level 8 of the Dungeon.
             The game lasted 00:09:43 (1843 turns).

4thArraOfDagon the Cleaver (Minotaur Gladiator)     Turns: 1843, Time: 00:09:43

Health: -1/109     AC: 16    Str: 19    XL:     8   Next: 84%
Magic:  7/8        EV:  2    Int: 12    God:
Gold:   65         SH:  0    Dex: 17    Spells: 0 memorised, 7 levels left

rFire  . . .     SeeInvis .     a - +1 war axe
rCold  . . .     Clarity  .     (armour currently unavailable)
rNeg   + + +     SustAt   +     (no shield)
rPois  +         Gourm    .     (helmet currently unavailable)
rElec  .         Spirit   .     (cloak currently unavailable)
rCorr  .         Warding  .     (gloves currently unavailable)
rMut   .         NoTele   +     (boots currently unavailable)
MR     .....                    (no amulet)
Stlth  ++........               m - +5 ring of dexterity
                                l - ring of sustain attributes

@: brilliant, tree-form, corroded equipment, not resistant to hostile
enchantments, unstealthy
A: (retaliatory headbutt), (horns 0)
a: no special abilities


You were on level 8 of the Dungeon.
You were not hungry.
You were a tree.
You visited 1 branch of the dungeon, and saw 10 of its levels.
You also visited: Sewer.

You collected 204 gold pieces.
You spent 139 gold pieces at shops.

Inventory:

Hand Weapons
 a - a +1 war axe (weapon)
Armour
 c - a +0 hat (melded)
 h - a +0 chain mail (melded)
 C - a +2 pair of boots of stealth (melded)
Jewellery
 l - a ring of sustain attributes (left branch)
 m - a +5 ring of dexterity (right branch)
Wands
 d - a wand of enslavement (8)
 z - a wand of cold (14)
 D - a wand of confusion (13)
Scrolls
 f - a scroll of identify
Potions
 r - a potion of flight
 x - 2 potions of ambrosia
Books
 g - a book of Envenomations

   Spells                             Type                      Level
   a - Spider Form                    Transmutation/Poison         3
   b - Alistair's Intoxication        Transmutation/Poison         4
   c - Olgreb's Toxic Radiance        Poison                       4
   d - Poisonous Cloud                Conjuration/Poison/Air       6
Comestibles
 b - a slice of pizza
 e - 3 bread rations
 u - a meat ration


   Skills:
 + Level 7.0 Fighting
 * Level 10.3 Axes
 - Level 2.0 Throwing
 + Level 6.2 Armour
 - Level 3.2 Dodging
 + Level 1.8 Evocations


You had 7 spell levels left.
You didn't know any spells.

Dungeon Overview and Level Annotations

Branches:
Dungeon (10/15)
 Temple: D:4-7         Lair: D:8-11         Orc: D:9-12

Altars:
Elyvilon
Fedhas
Kikubaaqudgha
Sif Muna
Vehumet
Xom
Yredelemnul
Zin

Shops:
D:5 [


Innate Abilities, Weirdness & Mutations

((You reflexively headbutt those who attack you in melee.))
((You have a pair of horns on your head.))


Message History

The jelly hits you but does no damage. The wasp stings you but does no damage.
The jelly hits you but does no damage. The orc hits you but does no damage.
Unknown command.
Unknown command.
You barely miss the orc priest.
The orc priest is heavily wounded.
You hit the jelly.
Your branches burn!
* * * LOW HITPOINT WARNING * * *
The jelly is heavily wounded.
You hit the jelly but do no damage. The acid corrodes you!
Your branches burn!
* * * LOW HITPOINT WARNING * * *
The jelly is severely wounded.
You hit the wasp but do no damage. The wasp stings you.
* * * LOW HITPOINT WARNING * * *
The jelly hits you but does no damage.
The orc priest hits you but does no damage.
The jelly hits you.
* * * LOW HITPOINT WARNING * * *
You are splashed with acid!
The acid burns!
You die...

#......J.......
#####.####....#.##....
#..#..###....##......##
#.<#.###..#..##.......##
.>.[.###.# #.#.....>...#
...[.....# #.#.........#
.......### #...........#
.......# #...)......#
....#### #..J♣)o....#
#..## #.#Joy...(.. #..#
#[.......... ####
............#
#.###.........# .
#.........# .../......#
.##.......##


You could see a wasp, 2 jellies, an orc priest and an orc.

Vanquished Creatures
  A wyvern (D:8)
  A yak (D:10)
  A deep elf mage (D:8)
  Menkaure (D:7)
  2 water moccasins (D:9)
  An ice beast (D:5)
  2 centaurs
  A sky beast (D:6)
  2 ogres
  A giant frog (D:8)
  A big kobold (Sewer)
  A giant frog zombie (D:5)
  2 orc priests (D:8)
  A hound (D:5)
  An orc wizard (D:5)
  2 worker ants
  2 iguanas
  6 adders
  4 gnolls (D:5)
  A river rat (Sewer)
  An ooze (D:2)
  3 worms
  An adder skeleton (D:5)
  2 giant geckos
  7 orcs
  A ball python (D:5)
  3 giant cockroaches (D:5)
  2 goblins
  4 hobgoblins
  6 jackals
  5 kobolds
  3 quokkas
  A giant newt (D:2)
  4 rats
77 creatures vanquished.

Notes
Turn   | Place    | Note
--------------------------------------------------------------
     0 | D:1      | 4thArraOfDagon the Minotaur Gladiator began the quest for the Orb.
     0 | D:1      | Reached XP level 1. HP: 18/18 MP: 0/0
    21 | D:2      | Reached skill level 4 in Axes
    21 | D:2      | Reached XP level 2. HP: 20/25 MP: 1/1
   113 | D:2      | Reached skill level 1 in Armour
   270 | D:3      | Reached XP level 3. HP: 15/30 MP: 2/2
   391 | D:4      | Reached skill level 5 in Axes
   391 | D:4      | Reached XP level 4. HP: 25/38 MP: 3/3
   460 | D:5      | Entered Level 5 of the Dungeon
   482 | D:5      | Found a glowing drain.
   499 | Sewer    | Entered a sewer
   505 | Sewer    | Reached XP level 5. HP: 44/46 MP: 4/4
   540 | Sewer    | Noticed a big kobold
   560 | Sewer    | Killed a big kobold
   581 | Sewer    | Found a white marble altar of Elyvilon.
   629 | D:5      | Found Guroza's Antique Armour Boutique.
   646 | D:5      | :/
   684 | D:6      | Noticed a sky beast
   689 | D:6      | Reached skill level 6 in Axes
   726 | D:6      | Killed a sky beast
   726 | D:6      | Reached XP level 6. HP: 21/52 MP: 5/5
   869 | D:5      | Reached skill level 7 in Axes
   896 | D:5      | Found a glowing silver altar of Zin.
   898 | D:5      | Noticed an ice beast
   908 | D:5      | Killed an ice beast
   910 | D:5      | Found a deep blue altar of Sif Muna.
   910 | D:5      | Found a basalt altar of Yredelemnul.
   910 | D:5      | Found a blossoming altar of Fedhas.
   912 | D:5      | Found an ancient bone altar of Kikubaaqudgha.
   913 | D:5      | Found a radiant altar of Vehumet.
   954 | D:5      | Reached skill level 5 in Fighting
   954 | D:5      | Reached XP level 7. HP: 45/61 MP: 6/6
  1000 | D:6      | Noticed an ogre
  1007 | D:6      | Killed an ogre
  1015 | D:6      | Noticed a centaur
  1028 | D:6      | Killed a centaur
  1028 | D:6      | Reached skill level 8 in Axes
  1193 | D:8      | Noticed a wyvern
  1201 | D:8      | Killed a wyvern
  1201 | D:8      | Reached skill level 5 in Armour
  1309 | D:5      | Bought a pair of embroidered boots for 139 gold pieces
  1318 | D:5      | /
  1318 | D:5      | :/
  1370 | D:7      | Noticed Menkaure
  1376 | D:7      | Killed Menkaure
  1376 | D:7      | Reached skill level 9 in Axes
  1376 | D:7      | Reached XP level 8. HP: 65/70 MP: 7/7
  1460 | D:7      | no temple for ya
  1471 | D:7      | another 4k
  1670 | D:9      | Found a shimmering altar of Xom.
  1719 | D:9      | Found a white marble altar of Elyvilon.
  1742 | D:10     | Entered Level 10 of the Dungeon
  1794 | D:9      | Reached skill level 10 in Axes
  1794 | D:9      | Reached skill level 1 in Evocations
  1831 | D:8      | Noticed a deep elf mage
  1841 | D:8      | Killed a deep elf mage
  1843 | D:8      | Splashed by a jelly's acid

Vault maps used:
D:1:      minmay_arrival_jagged
D:4:      first_bread
D:5:      lemuel_ratsnest, minitemple, portal_sewer_entry_a, serial_shops,
          nicolae_shop_stone, eino_small_chamber_without_monster
D:6:      temple_doors_e, st_stairs_1
D:7:      lightli_temple_of_fire, uniq_menkaure, uniq_crazy_yiuf_cottage
D:8:      nicolae_ru_sacrificial_ziggurat, serial_shops,
          nicolae_shop_behind_doors, uniq_pikel
D:9:      overflow_temple_1_default, david_orc_4, basic_altar
D:10:     grunt_lair_entry_elf_guard_hut, the_bakery, minmay_nine_imps
Sewer:    sewer_kobolds

Action                   |  1- 3 |  4- 6 |  7- 9 || total
-------------------------+-------+-------+-------++-------
Melee: War axe           |    49 |    89 |    72 ||   210
Throw: Throwing net      |     8 |     4 |     4 ||    16
  Use: Scroll            |       |       |    12 ||    12
       Potion            |       |       |     5 ||     5
 Stab: Held in net/web   |     3 |       |     4 ||     7
  Eat: Chunk             |       |       |     3 ||     3
